 Dungeon Crawl Stone Soup version 0.16-a0-1922-g3b1c4ce (webtiles) character file.

2492 Demise101 the Mender (level 9, 0/60 HPs)
             Began as a Formicid Healer on Nov 6, 2014.
             Was a Priest of Elyvilon.
             Succumbed to a killer bee's poison
             ... on level 7 of the Dungeon on Nov 7, 2014.
             The game lasted 00:18:18 (10417 turns).

Demise101 the Mender (Formicid Healer)             Turns: 10417, Time: 00:18:18

Health: 0/60       AC: 14    Str: 20    XL:     9   Next: 81%
Magic:  27/27      EV:  2    Int: 12    God:    Elyvilon [***...]
Gold:   220        SH:  9    Dex: 10    Spells: 0 memorised, 8 levels left

rFire  . . .     SeeInvis +     b - +0 blowgun
rCold  . . .     Clarity  .     c - +0 plate armour
rNeg   . . .     SustAb   .     l - +2 shield
rPois  .         Gourm    .     (helmet unavailable)
rElec  .         Spirit   .     (no cloak)
rCorr  .         Warding  .     d - +0 pair of gloves (curse)
rMut   .         Stasis   +     (no boots)
MR     .....                    (no amulet)
Stlth  ..........               (no ring)
                                (no ring)

@: lethally poisoned, not resistant to hostile enchantments, extremely
unstealthy
A: permanent stasis, dig shafts and tunnels, four strong arms, antennae 3,
talons 1, rugged brown scales 1, thin metallic scales 1, wild magic 1
a: Dig, Shaft Self, Lesser Healing, Lesser Self-Healing, Divine Protection,
Purification, Greater Healing, Greater Self-Healing, Renounce Religion


You were on level 7 of the Dungeon.
You worshipped Elyvilon.
Elyvilon was most pleased with you.
You were not hungry.

You visited 1 branch of the dungeon, and saw 7 of its levels.

You collected 220 gold pieces.

Inventory:

Hand weapons
 a - a +1 dagger of electrocution
 b - a +0 blowgun (weapon)
 e - a +0 club
 u - a +2 dagger of venom
 A - a +0 mace of crushing
Missiles
 o - 3 poisoned needles (quivered)
 r - a throwing net
Armour
 c - a +0 plate armour (worn)
 d - a cursed +0 pair of gloves (worn)
 g - a +0 leather armour
 j - a +1 robe
 l - a +2 shield (worn)
Jewellery
 v - an uncursed ring of stealth {unknown}
Magical devices
 m - a wand of draining (5)
 q - a wand of enslavement (16)
 B - a wand of enslavement (11)
Scrolls
 f - a scroll of teleportation {unknown}
 h - 5 scrolls of remove curse
 i - 4 scrolls of identify {unknown}
 k - a scroll of fog {unknown}
 p - a scroll of magic mapping {unknown}
 t - 2 scrolls of immolation {unknown}
 y - 2 scrolls of amnesia {unknown}
Books
 x - a book of Cantrips

   Spells                             Type                      Level
   Corona                             Hexes                        1
   Animate Skeleton                   Necromancy                   1
   Summon Small Mammal                Summoning                    1
   Apportation                        Translocation                1
Comestibles
 s - 2 meat rations


   Skills:
 - Level 1.1 Fighting
 - Level 1.7 Dodging
 + Level 14.5 Invocations


You had 8 spell levels left.
You didn't know any spells.

Dungeon Overview and Level Annotations

Branches:
Dungeon (7/15)             Temple (0/1) D:5

Altars:
Ashenzari
Elyvilon
Makhleb
Okawaru
Xom
Yredelemnul

Annotations:
D:4 Menkaure


Innate Abilities, Weirdness & Mutations

You are under a permanent stasis effect.
You can dig through walls and to a lower floor.
Your four strong arms can wield two-handed weapons with a shield.
You have a pair of large antennae on your head (SInv).
You have sharp toenails.
You are partially covered in rugged brown scales (AC +1, +3% HP).
You are partially covered in thin metallic scales (AC +2).
Your spells are a little harder to cast, but a little more powerful.


Message History

The killer bee stings you but does no damage.
Firing (i - inventory. (,) - cycle):
o - 6 poisoned needles (quivered)
Press: ? - help, Shift-Dir - straight line, f/p - killer bee
Aim: a killer bee (heavily wounded)
You shoot a poisoned needle.
The poisoned needle closely misses the killer bee. x2
You block the killer bee's attack. x2
Firing (i - inventory. (,) - cycle):
o - 5 poisoned needles (quivered)
Press: ? - help, Shift-Dir - straight line, f/p - killer bee
Aim: a killer bee (heavily wounded)
You shoot a poisoned needle.
The poisoned needle barely misses the killer bee.
The poisoned needle closely misses the killer bee.
The killer bee stings you but does no damage. x2
Firing (i - inventory. (,) - cycle):
o - 4 poisoned needles (quivered)
Press: ? - help, Shift-Dir - straight line, f/p - killer bee
Aim: a killer bee (heavily wounded)
You shoot a poisoned needle.
The poisoned needle closely misses the killer bee. x2
You die...

##(.....##
##..........
#....##.... ...###
##. ..## ### # ###
#### #####@# ...#
#######y.#y##
..............y##
###..........(..##
#.....####..{###
### ###...##
##...# ##..##
#...#


You could see 2 killer bees.

Vanquished Creatures
  An orc warrior (D:6)
  3 sky beasts
  An ogre (D:5)
  A necrophage (D:7)
  3 centaurs
  2 giant frogs
  3 wights (D:6)
  2 scorpions
  6 killer bees (D:7)
  2 giant frog skeletons
  A jelly (D:7)
  5 orc wizards
  5 worker ants
  Ijyb (D:3)
  2 gnolls (D:5)
  2 shadow imps (D:5)
  2 worms (D:3)
  An orc skeleton (D:4)
  4 giant geckos
  14 orcs
  6 giant cockroaches
  8 hobgoblins
  3 jackals
  8 bats
  A giant newt (D:5)
  5 goblins
  A hobgoblin skeleton (D:6)
  4 kobolds
  A kobold zombie (D:5)
  9 rats
  6 ballistomycetes (D:7)
  3 plants (D:5)
116 creatures vanquished.

Vanquished Creatures (others)
  A crimson imp (D:7)
  An orc wizard (D:6)
  2 gnolls (D:5)
  5 orcs
  A goblin (D:3)
  A hobgoblin (D:3)
  4 jackals
  2 bats
  2 giant spores (D:7)
  A kobold (D:4)
  2 rats
22 creatures vanquished.

Grand Total: 138 creatures vanquished

Notes
Turn   | Place    | Note
--------------------------------------------------------------
     0 | D:1      | Demise101, the Formicid Healer, began the quest for the Orb.
     0 | D:1      | Reached XP level 1. HP: 15/15 MP: 2/2
   682 | D:1      | Reached XP level 2. HP: 14/21 MP: 2/5
   713 | D:1      | Reached skill level 4 in Invocations
  1732 | D:2      | Reached XP level 3. HP: 26/26 MP: 5/7
  1888 | D:2      | Reached skill level 5 in Invocations
  2515 | D:2      | Found an iron altar of Okawaru.
  2516 | D:2      | Found a basalt altar of Yredelemnul.
  2764 | D:3      | Reached XP level 4. HP: 27/32 MP: 3/9
  3011 | D:3      | Found a burning altar of Makhleb.
  3013 | D:3      | Noticed a blizzard demon
  3292 | D:3      | Reached skill level 6 in Invocations
  3294 | D:3      | Gained mutation: You are partially covered in rugged brown scales (AC +1, +3% HP). [potion of mutation]
  3294 | D:3      | Gained mutation: You are partially covered in thin metallic scales (AC +2). [potion of mutation]
  3294 | D:3      | Gained mutation: Your spells are a little harder to cast, but a little more powerful. [potion of mutation]
  3345 | D:3      | Acquired Elyvilon's third power
  3636 | D:3      | Reached XP level 5. HP: 38/38 MP: 13/13
  3804 | D:3      | Noticed Ijyb
  3843 | D:3      | Killed Ijyb
  4432 | D:4      | Reached skill level 7 in Invocations
  4524 | D:4      | Reached XP level 6. HP: 16/44 MP: 2/16
  4913 | D:4      | Noticed Menkaure
  4927 | D:4      | You fall through a shaft for 2 floors!
  5200 | D:5      | Entered Level 5 of the Dungeon
  5250 | D:5      | Found a staircase to the Ecumenical Temple.
  5265 | D:5      | Noticed a sky beast
  5281 | D:5      | Pacified a sky beast
  5281 | D:5      | Reached skill level 8 in Invocations
  5294 | D:5      | Reached XP level 7. HP: 13/49 MP: 8/19
  5540 | D:5      | Reached skill level 9 in Invocations
  5763 | D:5      | Noticed a sky beast
  5796 | D:5      | Killed a sky beast
  6292 | D:5      | Reached skill level 10 in Invocations
  6709 | D:5      | Reached XP level 8. HP: 55/55 MP: 20/22
  7095 | D:5      | Reached skill level 11 in Invocations
  7761 | D:6      | Reached skill level 12 in Invocations
  7978 | D:6      | Reached XP level 9. HP: 54/60 MP: 25/25
  8082 | D:6      | Found a white marble altar of Elyvilon.
  8187 | D:6      | Noticed a black bear
  8200 | D:6      | Pacified a black bear
  8688 | D:6      | Noticed a sky beast
  8708 | D:6      | Killed a sky beast
  8941 | D:7      | Reached skill level 13 in Invocations
  9508 | D:7      | Reached skill level 14 in Invocations
  9705 | D:7      | Found a shimmering altar of Xom.
 10137 | D:7      | Found a white marble altar of Elyvilon.
 10145 | D:7      | Found a shattered altar of Ashenzari.
 10382 | D:7      | Gained mutation: You have sharp toenails. [potion of beneficial mutation]
 10413 | D:7      | HP: 2/60 [killer bee (5)]
 10417 | D:7      | Succumbed to a killer bee's poison

Action                   |  1- 3 |  4- 6 |  7- 9 || total
-------------------------+-------+-------+-------++-------
Melee: Club              |   115 |    93 |     4 ||   212
       Unarmed           |    14 |       |       ||    14
       Dagger            |       |       |   454 ||   454
       Mace              |       |       |    17 ||    17
 Fire: Blowgun           |       |    36 |    65 ||   101
Throw: Throwing net      |       |       |     1 ||     1
Invok: Lesser Healing    |    42 |    98 |    51 ||   191
       Lesser Self-Heali |       |     2 |     2 ||     4
       Greater Healing   |       |     2 |       ||     2
       Greater Self-Heal |       |       |     3 ||     3
       Purification      |       |       |     2 ||     2
 Abil: Dig               |       |     2 |     3 ||     5
       Shaft Self        |       |     1 |       ||     1
  Use: Potion            |     1 |     8 |     2 ||    11
       Scroll            |       |     2 |       ||     2
 Stab: Held in net/web   |       |       |     1 ||     1
  Eat: Chunk             |     6 |     9 |    12 ||    27
       Beef jerky        |     1 |       |       ||     1
       Bread ration      |     1 |     3 |     1 ||     5
       Meat ration       |       |       |     3 ||     3
